 Dungeon Crawl Stone Soup version 0.24.0-37-gcf1ca852f1 (webtiles) character file.

Game seed: 3659606955182073338, levelgen mode: deterministic

178 Delamore the Chopper (level 5, -4/45 HPs)
             Began as a Hill Orc Fighter on Nov 25, 2019.
             Slain by an iguana (11 damage)
             ... on level 4 of the Dungeon.
             The game lasted 00:02:58 (2552 turns).

Delamore the Chopper (Hill Orc Fighter)             Turns: 2552, Time: 00:02:59

Health: -4/45      AC:  6    Str: 20    XL:     5   Next: 58%
Magic:  5/5        EV:  7    Int:  8    God:
Gold:   146        SH:  9    Dex: 10    Spells: 4/4 levels left

rFire    . . .     SeeInvis .   a - +0 war axe
rCold    . . .     Gourm    .   c - +0 shield
rNeg     . . .     Faith    .   b - +0 scale mail
rPois    .         Spirit   .   (no helmet)
rElec    .         Reflect  .   (no cloak)
rCorr    .         Harm     .   (no gloves)
MR       .....                  (no boots)
Stlth    ..........             (no amulet)
HPRegen  0.15/turn              (no ring)
MPRegen  0.09/turn              (no ring)

@: lethally poisoned (-4 -> -5)
A: no striking features
a: no special abilities


You were on level 4 of the Dungeon.
You were hungry.

You visited 1 branch of the dungeon, and saw 4 of its levels.

You collected 146 gold pieces.

Inventory:

Hand Weapons
 a - a +0 war axe (weapon)
Armour
 b - a +0 scale mail (worn)
 c - a +0 shield (worn)
Wands
 s - a wand of iceblast (8)
Scrolls
 e - 3 scrolls of amnesia {unknown}
 g - a scroll of remove curse {unknown}
 j - a scroll of enchant weapon {unknown}
 k - a scroll of fear {unknown}
 l - 3 scrolls of enchant armour {unknown}
 m - 2 scrolls of identify {unknown}
 n - a scroll of immolation {unknown}
 o - a scroll of teleportation {unknown}
 u - a scroll of blinking {unknown}
Potions
 d - a potion of might
 h - a potion of heal wounds {unknown}
 i - 4 potions of curing {unknown}
 p - a potion of lignification {unknown}
 q - a potion of mutation {unknown}
 r - 2 potions of flight {unknown}
 t - a potion of haste {unknown}
 v - 2 potions of brilliance {unknown}
Comestibles
 f - 9 rations


   Skills:
 - Level 3.6 Fighting
 + Level 7.4 Axes
 - Level 3.2 Armour
 - Level 3.2 Shields


You had 4 spell levels left.
You didn't know any spells.
Your spell library was empty.

Dungeon Overview and Level Annotations

Branches:
Dungeon (4/15)
 Temple: D:4-7

Altars:
Gozag


Message History

You are too injured to fight recklessly!
You are too injured to fight recklessly!
Unknown command.
You are too injured to fight recklessly!
You closely miss the iguana.
The iguana is moderately wounded.
You feel sick. The iguana bites you.
* * * LOW HITPOINT WARNING * * *
You hit the iguana but do no damage.
The iguana is moderately wounded.
The iguana barely misses you.
You hit the iguana but do no damage.
The iguana is moderately wounded.
The iguana bites you but does no damage.
You slash the iguana!
The iguana is almost dead.
You feel sick. The iguana bites you.
* * * LOW HITPOINT WARNING * * *
The iguana bites you!
You die...

.........# ............#
............#
#..........#
#..........#
#..........#
#..........#
#.....###..####
#....†@..#....#######
#....l........#..<..##
#....................##
#........[............#
.......................#
.......................#
.......................#
##..#.#.#..............#
...............##


You could see an iguana.

Vanquished Creatures
  A bullfrog skeleton (D:3)
  A worker ant (D:4)
  3 adders
  2 oozes
  A worm (D:4)
  3 dart slugs
  2 leopard geckos (D:2)
  3 orcs (D:3)
  8 bats
  3 giant cockroaches
  6 goblins
  13 hobgoblins
  4 jackals (D:2)
  8 kobolds
  4 quokkas
  6 frilled lizards
  6 rats
74 creatures vanquished.

Notes
Turn   | Place    | Note
-------+----------+-------------------------------------------
     0 | D:1      | Delamore the Hill Orc Fighter began the quest for the Orb.
     0 | D:1      | Reached XP level 1. HP: 19/19 MP: 1/1
    42 | D:1      | Reached skill level 3 in Axes
    47 | D:1      | Reached XP level 2. HP: 13/26 MP: 2/2
   110 | D:1      | Reached skill level 4 in Axes
   339 | D:1      | Reached XP level 3. HP: 27/31 MP: 3/3
  1072 | D:2      | Reached skill level 5 in Axes
  1319 | D:2      | Reached XP level 4. HP: 27/39 MP: 4/4
  1554 | D:2      | Found an opulent altar of Gozag.
  1661 | D:2      | Reached skill level 6 in Axes
  2071 | D:3      | Reached XP level 5. HP: 45/45 MP: 5/5
  2251 | D:3      | Reached skill level 7 in Axes
  2552 | D:4      | Slain by an iguana

Levels and vault maps discovered:
D:1:      psy_arrival_basics, layout_loops_ring
D:2:      layout_loops_ring, nicolae_gozag_seed_capital
D:3:      layout_basic, minmay_misc_feat_tiny, mrwooster_statue_mirror
D:4:      layout_rooms, ebering_ghost_reflecting_pool, serial_glass,
          glass_columns_a, glass_columns_b, glass_columns_b, glass_columns_b,
          glass_columns_b, glass_columns_a, first_ration,
          cheibrodos_ashenzari_chains

Skill      XL: |  1  2  3  4  5 |
---------------+----------------+-----
Axes           | 3 4 5 6 7 |  7.4
Fighting       | |  3.6
Armour         | |  3.2
Shields        | |  3.2

Action                   |  1- 3 |  4- 6 || total
-------------------------+-------+-------++-------
Melee: War axe           |   115 |   119 ||   234
  Eat: Chunk             |     1 |     4 ||     5
Armor: Scale mail        |    57 |    45 ||   102
Dodge: Dodged            |    47 |    45 ||    92
Block: Shield            |    66 |    58 ||   124
